 Dungeon Crawl Stone Soup version 0.29-a0-665-gdd63cfa (webtiles) character file.

Game seed: 9803191425396454886

1710 GeorgeSoros the Digger (level 9, -13/81 HPs)
             Began as a Gargoyle Earth Elementalist on June 22, 2022.
             Was an Initiate of Gozag.
             Mangled by a red ugly thing (16 damage)
             ... on level 6 of the Dungeon.
             The game lasted 00:32:47 (7974 turns).

GeorgeSoros the Digger (GrEE)                       Turns: 7974, Time: 00:32:49

Health: -13/81     AC: 16    Str: 17    XL:     9   Next: 3%
Magic:  1/12       EV: 10    Int: 19    God:    Gozag
Gold:   733        SH:  5    Dex: 16    Spells: 8/12 levels left

rFire   . . .      SeeInvis .   u - +4 flail (drain)
rCold   + . .      Faith    .   C - +0 buckler
rNeg    + . .      Spirit   .   y - +0 ring mail of Desius {Str+4}
rPois   ∞          Reflect  .   x - +1 helmet
rElec   +          Harm     .   l - +0 cloak
rCorr   .          Rampage  .   D - +0 pair of gloves
Will    .....                   (no boots)
Stlth   ..........              (no amulet)
HPRegen 0.23/turn               r - +6 ring of dexterity
MPRegen 0.13/turn               v - ring of protection from cold

@: berserking (expiring), very quick
A: sickness immunity, AC +6, negative energy resistance 1, electricity
resistance, torment resistance 1, petrification resistance
a: Renounce Religion, Potion Petition, Call Merchant, Bribe Branch


You were on level 6 of the Dungeon.
You worshipped Gozag.
Gozag was pleased with you.
You visited 2 branches of the dungeon, and saw 7 of its levels.

You collected 790 gold pieces.
You paid 57 gold pieces to Gozag.

Inventory:

Hand Weapons
 c - a +0 hand axe of freezing
 t - a +0 trident
 u - a +4 flail of draining (weapon)
Missiles
 f - 13 poisoned darts
Armour
 l - a +0 cloak (worn)
 x - a +1 helmet (worn)
 y - the +0 ring mail of Desius (worn) {Str+4}
   (You found it on level 4 of the Dungeon)

   Str:       It affects your strength (+4).
 z - the +2 leather armour of the Villain {Rampage *Corrode rF- Will+++}
   (You found it on level 5 of the Dungeon)

   rF:        It makes you vulnerable to fire.
   *Corrode:  It may corrode you when you take damage.
   Rampage:   It bestows one free step when moving towards enemies.
   Will:      It greatly increases your willpower.
 C - a +0 buckler (worn)
 D - a +0 pair of gloves (worn)
Jewellery
 r - a +6 ring of dexterity (left hand)
 v - a ring of protection from cold (right hand)
 A - a +6 ring of intelligence
Wands
 w - a wand of light (12)
Scrolls
 d - a scroll of fog
 i - 2 scrolls of brand weapon
 q - a scroll of enchant armour
 B - 3 scrolls of enchant weapon
Potions
 b - 2 potions of magic
 g - 2 potions of cancellation
 h - 7 potions of curing
 j - a potion of might
 m - 2 potions of haste {unknown}
 o - a potion of heal wounds {unknown}
 p - a potion of mutation {unknown}


   Skills:
 - Level 5.6 Fighting
 - Level 3.8 Armour
 - Level 1.7 Dodging
 - Level 2.3 Stealth
 - Level 4.0 Shields
 - Level 2.1 Spellcasting
 + Level 5.7 Conjurations
 - Level 1.2 Transmutations
 + Level 7.8 Earth Magic
 - Level 0.3 Evocations


You had 8 spell levels left.
You knew the following spells:

 Your Spells              Type           Power      Damage    Failure   Level
a - Sandblast             Erth           62%        2d14      1%          1
b - Stone Arrow           Conj/Erth      54%        3d10      7%          3

Your spell library contained the following spells:

 Spells                   Type           Power      Damage    Failure   Level
 Passwall                 Tmut/Erth      15%        N/A       9%          2
 Petrify                  Tmut/Erth      19%        N/A       52%         4
 Frozen Ramparts          Ice            2%         1d2       75%         3
 Ice Form                 Ice/Tmut       4%         N/A       96%         4
 Summon Ice Beast         Ice/Summ       1%         N/A       98%         4
 Ozocubu's Refrigeration  Ice            0%         4d5       100%        7
 Polar Vortex             Ice            0%         N/A       100%        9


Dungeon Overview and Level Annotations

Branches:
Dungeon (6/15)             Temple (1/1) D:4

Altars:
Cheibriados
Dithmenos
Elyvilon
Gozag
Hepliaklqana
Kikubaaqudgha
Makhleb
Nemelex Xobeh
Okawaru
Qazlal
Ru
Sif Muna
Trog
Vehumet
Wu Jian
Xom
Zin

Annotations:
D:5 1 runed translucent door, Crazy Yiuf


Innate Abilities, Weirdness & Mutations

You are immune to sickness and miasma.
Your stone body is resilient. (AC +6)
You are immune to poison.
You resist negative energy. (rN+)
You are resistant to electric shocks. (rElec)
You are resistant to unholy torment.
You are immune to petrification.


Message History

The red ugly thing is heavily wounded.
The red ugly thing misses you. The red ugly thing barely misses you.
You barely miss the red ugly thing.
The red ugly thing is heavily wounded.
The red ugly thing tentacle-slaps you!
You are engulfed in flames!
* * * LOW HITPOINT WARNING * * *
Casting: Stone Arrow (dangerous; 7% risk of failure)
Confirm with . or Enter, or press ? or * to list all spells.
Aiming: Stone Arrow (dangerous; 7% risk of failure)
Press: ? - help, Shift-Dir - straight line, f/p - red ugly thing
Aim: a red ugly thing (heavily wounded, 71% to hit)
The stone arrow hits the red ugly thing!
The red ugly thing is severely wounded.
The red ugly thing barely misses you.
A red film seems to cover your vision as you go berserk!
You feel yourself moving faster!
You feel mighty!
The red ugly thing tentacle-slaps you but does no damage.
You sock the red ugly thing!
The red ugly thing is almost dead.
The red ugly thing closely misses you.
You closely miss the red ugly thing.
The red ugly thing is almost dead.
You block the red ugly thing's attack.
You closely miss the red ugly thing.
The red ugly thing is almost dead.
The red ugly thing tentacle-slaps you but does no damage.
You barely miss the red ugly thing.
The red ugly thing is severely wounded.
The red ugly thing tentacle-slaps you but does no damage.
You sock the red ugly thing!
The red ugly thing is almost dead.
The red ugly thing barely misses you.
The red ugly thing tentacle-slaps you but does no damage.
You barely miss the red ugly thing.
The red ugly thing is almost dead.
The red ugly thing tentacle-slaps you!
* * * LOW HITPOINT WARNING * * *
You are engulfed in flames!
You die...
Your body crumbles into a pile of gold.

.....#########.#.##########
##### ##...# #.#.# #...#
#.#.# #...# #.#.# #####
#.#.# #.#.# #.#.# #.#.#
#.#@# #.#.u....#
#.#.#...... #.#.##.....
#.#.# /.... #.#.# #...
#.#.# ### #.#.. #.#


You could see a red ugly thing.

Vanquished Creatures
  A troll (D:6)
  An orc warrior (D:6)
  A black bear (D:6)
  3 ice beasts (D:5)
  An ogre (D:5)
  A centaur (D:6)
  2 phantoms (D:5)
  2 scorpions
  3 hounds
  An orc priest (D:5)
  Jessica (D:2)
  5 iguanas
  2 orc wizards
  10 gnolls
  7 adders
  A white imp (D:5)
  An ufetubus (D:5)
  4 worms
  7 dart slugs
  22 orcs
  2 bats (D:3)
  7 endoplasms
  2 giant cockroaches
  2 goblins
  5 hobgoblins
  A jackal (D:3)
  4 quokkas
  3 ball pythons
  4 frilled lizards
  4 kobolds
  4 rats
114 creatures vanquished.

Vanquished Creatures (collateral kills)
  An adder (D:6)
1 creature vanquished.

Grand Total: 115 creatures vanquished

Notes
Turn   | Place    | Note
-------+----------+-------------------------------------------
     0 | D:1      | GeorgeSoros the Gargoyle Earth Elementalist began the quest
                  | for the Orb.
     0 | D:1      | Reached XP level 1. HP: 10/10 MP: 3/3
    31 | D:1      | Found a faded altar of an unknown god.
   649 | D:1      | Reached skill level 1 in Transmutations
   649 | D:1      | Reached XP level 2. HP: 15/15 MP: 1/5
  1494 | D:2      | Reached skill level 4 in Earth Magic
  1494 | D:2      | Reached XP level 3. HP: 17/20 MP: 2/6
  1498 | D:2      | Learned a level 3 spell: Stone Arrow
  1536 | D:2      | Noticed Jessica
  1541 | D:2      | Killed Jessica
  1542 | D:2      | Reached skill level 1 in Fighting
  1542 | D:2      | Reached skill level 1 in Armour
  1650 | D:2      | Reached skill level 1 in Conjurations
  1650 | D:2      | Reached XP level 4. HP: 25/25 MP: 4/7
  1677 | D:2      | Found a snail-covered altar of Cheibriados.
  3001 | D:3      | Reached XP level 5. HP: 24/30 MP: 6/8
  3834 | D:3      | Found a shimmering altar of Xom.
  4246 | D:4      | Found a staircase to the Ecumenical Temple.
  4254 | Temple   | Entered the Ecumenical Temple
  4266 | Temple   | Became a worshipper of Gozag Ym Sagoz the Greedy
  4356 | D:4      | Reached XP level 6. HP: 15/36 MP: 6/9
  4370 | D:4      | Reached skill level 5 in Earth Magic
  4838 | D:4      | Identified the +0 ring mail of Desius {Str+4}
  4889 | D:4      | Found a sacrificial altar of Ru.
  5014 | D:5      | Entered Level 5 of the Dungeon
  5153 | D:5      | Noticed an ice beast
  5195 | D:5      | Killed an ice beast
  5196 | D:5      | Reached XP level 7. HP: 20/41 MP: 10/10
  5386 | D:5      | Identified the +2 leather armour of the Villain {Rampage
                  | *Corrode rF- Will+++}
  5908 | D:5      | Reached skill level 6 in Earth Magic
  5910 | D:5      | Reached skill level 1 in Shields
  6211 | D:5      | Reached XP level 8. HP: 48/48 MP: 8/11
  6245 | D:5      | Found a stormy altar of Qazlal.
  6246 | D:5      | Found a hazy altar of Hepliaklqana.
  6312 | D:5      | Found a runed translucent door.
  6410 | D:5      | Noticed Crazy Yiuf
  6879 | D:6      | Reached skill level 5 in Fighting
  6882 | D:6      | Reached skill level 5 in Conjurations
  6972 | D:6      | Noticed a troll
  6991 | D:6      | Killed a troll
  6992 | D:6      | Reached skill level 7 in Earth Magic
  7233 | D:6      | Got the Compendium of Cold
  7616 | D:6      | Reached XP level 9. HP: 19/54 MP: 0/12
  7960 | D:6      | Noticed a red ugly thing
  7974 | D:6      | HP: 3/81 [red ugly thing (9)]
  7974 | D:6      | Mangled by a red ugly thing

Illustrated notes

Levels and vault maps discovered:
D:1:      lightli_iron_boxes, layout_basic, basic_ecumenical_altar,
          grunt_decor_junction, minmay_crystal_room
D:2:      layout_loops_cross, basic_altar, uniq_jessica
D:3:      layout_basic, tgw_xom, minivault_5
D:4:      layout_rooms, mainiacjoe_overflow_chevrons, temple_fountains
D:5:      layout_cave_pools, jmf_multi_god_temple, st_stairs_4,
          minmay_liquid_box, uniq_crazy_yiuf_cottage
D:6:      minmay_opposing_rooms, layout_basic, serial_rivers,
          chequers_serial_rivers_micro_b, chequers_serial_rivers_micro_d,
          chequers_serial_rivers_micro_b, chequers_serial_rivers_micro_b,
          chequers_serial_rivers_micro_b, chequers_serial_rivers_micro_a,
          grunt_decor_arrowhead, minmay_a_box_with_orc_wizards_in_it
Temple:   nicolae_temple_no_exploring_needed

Skill      XL: |  1  2  3  4  5  6  7  8 |
---------------+-------------------------+-----
Transmutations | 1 |  1.2
Earth Magic    | 4 5 6 7 |  7.8
Fighting       | 1 2 3 4 5 |  5.6
Armour         | 1 2 3 |  3.8
Conjurations   | 1 2 3 4 5 |  5.7
Shields        | 1 4 |  4.0
Dodging        | |  1.7
Stealth        | |  2.3
Spellcasting   | |  2.1
Evocations     | |  0.3

Action                   |  1- 3 |  4- 6 |  7- 9 || total
-------------------------+-------+-------+-------++-------
Melee: Hand axe          |    37 |   111 |       ||   148
       Flail             |       |    68 |    94 ||   162
       Punch             |       |     1 |       ||     1
 Cast: Sandblast         |    22 |    30 |    21 ||    73
       Stone Arrow       |       |       |     8 ||     8
Evoke: Wand              |       |     1 |     4 ||     5
  Use: Scroll            |     2 |     9 |     6 ||    17
       Potion            |       |       |     1 ||     1
 Stab: Sleeping          |     2 |     2 |       ||     4
       Invisible         |       |     1 |       ||     1
Armor: Robe              |     9 |    57 |       ||    66
       Ring mail         |       |    60 |    66 ||   126
Dodge: Dodged            |    24 |   161 |    70 ||   255
Block: Buckler           |       |       |    10 ||    10

Table legend: (Time is in decaauts)
 A = Elapsed time spent in this place.
 B = Non-inter-level travel time spent in this place.
 C = Inter-level travel time spent in this place.
 D = Time resting spent in this place.
 E = Time spent auto-exploring this place.
 F = Levels seen in this place.
 G = Mean time per level.
                   A        B        C        D        E       F      G
               +--------+--------+--------+--------+--------+-----+--------+
         Total |   8168 |   7779 |    389 |   1039 |   5173 |   7 | 1166.9 |
       Dungeon |   8148 |   7765 |    383 |   1039 |   5173 |   6 | 1358.0 |
        Temple |     19 |     13 |      6 |      0 |      0 |   1 |   19.0 |
               +--------+--------+--------+--------+--------+-----+--------+

Top non-repeatable levels by time:
     D:3: 1919 daAuts
     D:1: 1509 daAuts
     D:4: 1403 daAuts
     D:6: 1363 daAuts
     D:5: 1137 daAuts
     D:2: 814 daAuts
  Temple: 19 daAuts
